 Dungeon Crawl Stone Soup version 0.17.1-1-g73c8601 (webtiles) character file.

107 ArseElementalist the Caller (level 4, -1/25 HPs)
             Began as a Tengu Wanderer on Feb 9, 2017.
             Killed from afar by an orc wizard (8 damage)
             ... with a magic dart
             ... on level 4 of the Dungeon.
             The game lasted 00:18:26 (4322 turns).

ArseElementalist the Caller (Tengu Wanderer)        Turns: 4322, Time: 00:18:27

Health: -1/25      AC:  2    Str: 15      XL:     4   Next: 85%
Magic:  5/7        EV: 12    Int: 12 (15) God:
Gold:   227        SH:  0    Dex: 14      Spells: 2 memorised, 2 levels left

rFire  . . .     SeeInvis .     a - +2 dagger
rCold  . . .     Clarity  .     e - +0 robe
rNeg   . . .     SustAt   .     (no shield)
rPois  .         Gourm    .     (helmet restricted)
rElec  .         Spirit   .     (no cloak)
rCorr  .         Warding  .     (no gloves)
rMut   .         Stasis   .     (boots unavailable)
MR     .....                    (no amulet)
Stlth  ++........               (no ring)
                                (no ring)

@: brilliant, slowed, very slow, not resistant to hostile enchantments,
unstealthy
A: beak, talons 3
a: no special abilities


You were on level 4 of the Dungeon.
You were not hungry.

You visited 1 branch of the dungeon, and saw 4 of its levels.

You collected 227 gold pieces.

Inventory:

Hand Weapons
 a - a +2 dagger (weapon)
Missiles
 i - 106 stones (quivered)
 s - 2 throwing nets
 w - 18 exploding sling bullets
Armour
 e - a +0 robe (worn)
Jewellery
 j - an uncursed ring of protection from fire {unknown}
 v - a cursed ring of teleportation {unknown}
Wands
 r - a wand of magic darts (32)
Scrolls
 g - a scroll of identify {unknown}
 h - a scroll of fear {unknown}
 l - a scroll of magic mapping {unknown}
 m - a scroll of blinking {unknown}
 n - 3 scrolls of remove curse {unknown}
 q - 2 scrolls of immolation {unknown}
 t - a scroll of enchant armour {unknown}
 u - a scroll of amnesia {unknown}
Potions
 k - a potion of curing
Books
 c - the Almanac of Flamy Confrontation

   Spells                             Type                      Level
   a - Flame Tongue                   Conjuration/Fire             1
   b - Conjure Flame                  Conjuration/Fire             3
 d - the Disquisition on Creation

   Spells                             Type                      Level
   a - Summon Small Mammal            Summoning                    1
   b - Summon Guardian Golem          Hexes/Summoning              3
Comestibles
 f - a bread ration
 o - a beef jerky
 p - 2 chunks of flesh


   Skills:
 - Level 1.3 Fighting
 - Level 2.1 Short Blades
 - Level 1.0 Throwing
 - Level 1.4 Dodging
 - Level 2.0 Stealth
 - Level 1.5 Spellcasting
 + Level 2.0 Conjurations
 - Level 6.0 Summonings
 + Level 1.8 Fire Magic
 - Level 1.0 Evocations


You had 2 spell levels left.
You knew the following spells:

 Your Spells              Type           Power        Failure   Level  Hunger
a - Summon Small Mammal   Summ           ###.         1%          1    ##.....
b - Conjure Flame         Conj/Fire      ##......     5%          3    ####...


Dungeon Overview and Level Annotations

Branches:
Dungeon (4/15)
 Temple: D:4-7

Altars:
Fedhas
Xom

Annotations:
D:2 Jessica
D:4 exclusion: orc wizard, Edmund


Innate Abilities, Weirdness & Mutations

You have a beak for a mouth.
You have claws for feet.


Message History

Your bat closely misses the orc wizard.
Your rat misses the orc wizard. You barely miss the orc wizard.
You peck the orc wizard, but do no damage.
The orc wizard is moderately wounded.
Your bat closely misses the orc wizard.
Your bat barely misses the orc wizard.
Your bat barely misses the orc wizard.
Your bat hits the orc wizard but does no damage.
The orc wizard hits you with a dagger.
* * * LOW HITPOINT WARNING * * *
Your bat misses the orc.
Your rat bites the orc wizard.
The orc hits your bat with a dagger.
Your bat dies!
Your bat's corpse disappears in a puff of smoke!
Drink which item? (? for menu, Esc to quit)
It was a potion of brilliance.
You feel clever all of a sudden.
Your bat hits the orc wizard but does no damage.
The orc wizard points at you and mumbles some strange words.
The magic dart hits you!
You die...

..'.........'........#
###.........####...#.#
# ##.......######.##.#
# ##.....##....[..<.##
##...###.######...## #
##'## #.# ###...#.## #
#.# #.# #.....##.# #
#.# #.# #.#..##.## #
##.## #.###@##.#.## #
##...###...rob...## #
#.....######ยง#####
######.....#####o#
..........oo.....#
#######..[.####### #
#.#### # #.# #.#


You could see an orc wizard, an orc, a friendly bat and a friendly rat.

Vanquished Creatures
  A hound (D:4)
  3 adders
  An adder skeleton (D:4)
  2 worms (D:4)
  A giant gecko (D:3)
  2 orcs
  5 bats
  7 hobgoblins
  2 ball pythons
  3 giant cockroaches
  3 giant newts
  4 goblins
  2 kobolds (D:1)
  10 rats
46 creatures vanquished.

Vanquished Creatures (collateral kills)
  An adder (D:3)
  3 orcs
  A goblin (D:3)
  A kobold (D:3)
  A rat (D:2)
7 creatures vanquished.

Grand Total: 53 creatures vanquished

Notes
Turn   | Place    | Note
--------------------------------------------------------------
     0 | D:1      | ArseElementalist the Tengu Wanderer began the quest for the Orb.
     0 | D:1      | ArseElementalist set off with: a +2 dagger, a potion of berserk rage, the Almanac of Flamy Confrontation, the Disquisition on Creation, a +0 robe, a bread ration
     0 | D:1      | Reached XP level 1. HP: 10/10 MP: 2/2
     0 | D:1      | Identified the Almanac of Flamy Confrontation
     0 | D:1      | Identified the Disquisition on Creation
    92 | D:1      | Learned a level 1 spell: Summon Small Mammal
   172 | D:1      | Reached skill level 1 in Spellcasting
   312 | D:1      | Reached XP level 2. HP: 15/15 MP: 5/5
   367 | D:2      | Noticed Jessica
  1235 | D:2      | Reached XP level 3. HP: 15/19 MP: 6/6
  1307 | D:2      | Found a blossoming altar of Fedhas.
  1585 | D:3      | Reached skill level 1 in Fighting
  1594 | D:3      | Reached skill level 1 in Dodging
  2545 | D:3      | Learned a level 3 spell: Conjure Flame
  2582 | D:4      | Reached skill level 1 in Conjurations
  2582 | D:4      | Reached skill level 1 in Fire Magic
  2582 | D:4      | Reached XP level 4. HP: 4/25 MP: 1/7
  2892 | D:4      | Noticed Edmund
  2930 | D:4      | Found a shimmering altar of Xom.
  3687 | D:4      | Noticed a scorpion
  4322 | D:4      | Killed from afar by an orc wizard

Action                   |  1- 3 |  4- 6 || total
-------------------------+-------+-------++-------
Melee: Dagger            |   115 |    41 ||   156
 Cast: Summon Small Mamm |    51 |    37 ||    88
  Use: Potion            |     5 |     1 ||     6
 Stab: Sleeping          |     5 |     1 ||     6
       Distracted        |     1 |       ||     1
  Eat: Chunk             |     5 |     8 ||    13
       Beef jerky        |     1 |       ||     1
